 Dungeon Crawl Stone Soup version 0.29-a0-841-g116ddc6ace (webtiles) character file.

Game seed: 14847959011410530113

86 par4site the Chiller (level 4, -2/33 HPs)
             Began as a Demonspawn Ice Elementalist on July 15, 2022.
             Slain by an adder (3 damage)
             ... on level 3 of the Dungeon.
             The game lasted 00:08:49 (2935 turns).

par4site the Chiller (Demonspawn Ice Elementalist)  Turns: 2935, Time: 00:08:51

Health: -2/33      AC:  2    Str:  8    XL:     4   Next: 27%
Magic:  8/8        EV: 12    Int: 18    God:
Gold:   80         SH:  0    Dex: 14    Spells: 7/8 levels left

rFire   . . .      SeeInvis .   l - +4 short sword
rCold   . . .      Faith    .   (no shield)
rNeg    . . .      Spirit   .   a - +0 robe
rPois   .          Reflect  .   (no helmet)
rElec   .          Harm     .   (no cloak)
rCorr   .          Rampage  .   (no gloves)
Will    .....                   (no boots)
Stlth   ++........              (no amulet)
HPRegen 0.11/turn               (no ring)
MPRegen 0.11/turn               (no ring)

@: lethally poisoned (-2 -> -7)
A: powered by pain 1
a: no special abilities


You were on level 3 of the Dungeon.
You visited 1 branch of the dungeon, and saw 3 of its levels.

You collected 80 gold pieces.

Inventory:

Hand Weapons
 e - a +0 short sword
 h - a +0 flail
 k - a +0 trident
 l - a +4 short sword (weapon)
 m - a +4 quarterstaff
Armour
 a - a +0 robe (worn)
 f - a +0 helmet
Jewellery
 c - a ring of protection from cold
Scrolls
 d - 2 scrolls of fear {unknown}
 i - a scroll of enchant weapon {unknown}
 j - a scroll of fog {unknown}
 n - 2 scrolls of vulnerability {unknown}
 o - a scroll of magic mapping {unknown}
Potions
 b - a potion of magic
 g - a potion of curing {unknown}


   Skills:
 * Level 1.6 Fighting
 * Level 0.3 Short Blades
 + Level 1.0 Armour
 + Level 2.2 Dodging
 - Level 1.7 Stealth
 * Level 2.7 Spellcasting
 * Level 4.0 Ice Magic


You had 7 spell levels left.
You knew the following spells:

 Your Spells              Type           Power      Damage    Failure   Level
a - Freeze                Ice            68%        1d8       3%          1

Your spell library contained the following spells:

 Spells                   Type           Power      Damage    Failure   Level
 Frozen Ramparts          Ice            34%        1d5       10%         3
 Ozocubu's Armour         Ice            17%        N/A       10%         3
 Hailstorm                Conj/Ice       9%         3d4       58%         4


Dungeon Overview and Level Annotations

Branches:
Dungeon (3/15)

Altars:

Shops:
D:2 :


Innate Abilities, Weirdness & Mutations

You sometimes gain a little power by taking damage.


Message History

You hit the endoplasm.
The endoplasm is severely wounded.
The endoplasm freezes you.
You are frozen.
You barely miss the endoplasm.
The endoplasm is severely wounded.
The endoplasm misses you.
You hit the endoplasm.
You kill the endoplasm!
You hit the adder.
The adder is lightly wounded.
The adder misses you. The adder bites you but does no damage.
You hit the adder.
The adder is heavily wounded.
The adder barely misses you.
A bat comes into view.
The adder bites you.
You are poisoned.
The adder poisons you! The adder bites you but does no damage.
You miss the adder.
The adder is heavily wounded.
You feel sick. The adder bites you.
* * * LOW HITPOINT WARNING * * *
The adder misses you. x2
You hit the adder but do no damage.
The adder is heavily wounded.
You feel sick. The adder closely misses you. The adder barely misses you. x2
You hit the adder.
The adder is heavily wounded.
You feel sick. The adder barely misses you. The adder bites you.
* * * LOW HITPOINT WARNING * * *
You are lethally poisoned!
The adder poisons you!
You hit the adder.
The adder is almost dead.
* * * LOW HITPOINT WARNING * * *
You feel sick. The adder bites you.
* * * LOW HITPOINT WARNING * * *
The adder bites you.
You die...

#################
................#
###############.##
#S@# ##S# #b.#
##.# ### .. ..#
#.# #.#####.. ..
......... ...
#.#####.. #..#


You could see 2 adders and a bat.

Vanquished Creatures
  Jessica (D:3)
  2 adders (D:2)
  A dart slug (D:2)
  2 orcs (D:3)
  7 endoplasms
  4 giant cockroaches
  4 goblins
  2 hobgoblins (D:1)
  A quokka (D:1)
  A ball python (D:2)
  4 bats (D:1)
  A frilled lizard (D:1)
  2 kobolds (D:2)
  6 rats
38 creatures vanquished.

Notes
Turn   | Place    | Note
-------+----------+-------------------------------------------
     0 | D:1      | par4site the Demonspawn Ice Elementalist began the quest
                  | for the Orb.
     0 | D:1      | Reached XP level 1. HP: 13/13 MP: 3/3
   813 | D:1      | Gained mutation: You sometimes gain a little power by
                  | taking damage. [demonic ancestry]
   813 | D:1      | Reached XP level 2. HP: 18/20 MP: 3/5
  1516 | D:1      | Found a faded altar of an unknown god.
  1794 | D:2      | Reached skill level 1 in Fighting
  1794 | D:2      | Reached XP level 3. HP: 22/26 MP: 6/6
  1840 | D:2      | Found Roogiz's Book Shoppe.
  2792 | D:3      | Noticed Jessica
  2798 | D:3      | Killed Jessica
  2799 | D:3      | Reached skill level 1 in Armour
  2799 | D:3      | Reached skill level 4 in Ice Magic
  2799 | D:3      | Reached XP level 4. HP: 32/32 MP: 5/7
  2935 | D:3      | HP: 1/33 [adder (1)]
  2935 | D:3      | Slain by an adder

Illustrated notes

Levels and vault maps discovered:
D:1:      onia_arrival_mini_maze, layout_loops_cross,
          shapermc_ecumenical_altar_pompeii, serial_bayou_crossing
D:2:      layout_loops_ring, serial_shops, nicolae_shop_advertising_works
          [nicolae_subvault_shop_adworks]
D:3:      layout_basic, uniq_jessica, uniq_ijyb

Skill      XL: |  1  2  3 |
---------------+----------+-----
Fighting       | 1 |  1.6
Dodging        | 2 |  2.2
Armour         | 1 |  1.0
Ice Magic      | 4 |  4.0
Short Blades   | |  0.3
Stealth        | |  1.7
Spellcasting   | |  2.7

Action                   |  1- 3 |  4- 6 || total
-------------------------+-------+-------++-------
Melee: Unarmed           |    19 |       ||    19
       Short sword       |    65 |    15 ||    80
 Cast: Freeze            |    17 |     1 ||    18
 Stab: Sleeping          |     6 |       ||     6
Armor: Robe              |    23 |     2 ||    25
Dodge: Dodged            |    48 |    14 ||    62

Table legend: (Time is in decaauts)
 A = Elapsed time spent in this place.
 B = Non-inter-level travel time spent in this place.
 C = Inter-level travel time spent in this place.
 D = Time resting spent in this place.
 E = Time spent auto-exploring this place.
 F = Levels seen in this place.
 G = Mean time per level.
                   A        B        C        D        E       F      G
               +--------+--------+--------+--------+--------+-----+--------+
         Total |   2962 |   2854 |    108 |    871 |   1580 |   3 |  987.3 |
       Dungeon |   2962 |   2854 |    108 |    871 |   1580 |   3 |  987.3 |
               +--------+--------+--------+--------+--------+-----+--------+

Top non-repeatable levels by time:
     D:1: 1811 daAuts
     D:2: 1005 daAuts
     D:3: 146 daAuts
